 Dungeon Crawl Stone Soup version 0.27-a0-1200-g94dc6ad4cf (webtiles) character file.

Game seed: 11064544074699140846

1170 deadmanwalking the Covert (level 8, -4/39 HPs)
             Began as a Spriggan Delver on June 1, 2021.
             Was an Initiate of Sif Muna.
             Slain by a meliai zombie (7 damage)
             ... on level 6 of the Dungeon.
             The game lasted 00:16:48 (7004 turns).

deadmanwalking the Covert (Spriggan Delver)         Turns: 7004, Time: 00:16:49

Health: -4/39      AC:  4    Str:  8    XL:     8   Next: 17%
Magic:  12/12      EV: 23    Int: 13    God:    Sif Muna [......]
Gold:   307        SH:  0    Dex: 17    Spells: 5/9 levels left

rFire    . . .     SeeInvis +   a - +0 rapier
rCold    . . .     Faith    +   (shield restricted)
rNeg     . . .     Spirit   .   b - +0 robe
rPois    .         Reflect  .   (helmet restricted)
rElec    .         Harm     .   i - +1 cloak
rCorr    .         Rampage  .   (gloves unavailable)
Will     +....                  (boots unavailable)
Stlth    +++++.....             h - amulet of faith
HPRegen  0.13/turn              m - +4 ring of evasion
MPRegen  0.13/turn              (no ring)

@: very quick
A: very small, no large weapons, unfitting armour, see invisible, speed 3
a: Renounce Religion


You were on level 6 of the Dungeon.
You worshipped Sif Muna.
Sif Muna was noncommittal.
You visited 2 branches of the dungeon, and saw 7 of its levels.

You collected 307 gold pieces.

Inventory:

Hand Weapons
 a - a +0 rapier (weapon)
 r - a +1 short sword
 t - a +0 hand crossbow
Missiles
 j - 104 stones
 l - 67 arrows
 p - 48 bolts
 w - 16 sling bullets
 y - 9 poisoned darts (quivered)
Armour
 b - a +0 robe (worn)
 i - a +1 cloak (worn)
Magical Staves
 s - a staff of fire
Jewellery
 h - an amulet of faith (around neck)
 m - a +4 ring of evasion (left hand)
 x - an amulet of guardian spirit
Wands
 g - a wand of digging (3)
 q - a wand of charming (6)
Scrolls
 c - 3 scrolls of fog
 d - 2 scrolls of magic mapping
 e - 2 scrolls of enchant weapon
 o - a scroll of teleportation
 v - a scroll of identify
Potions
 f - 2 potions of haste
 k - a potion of berserk rage {unknown}
 n - 2 potions of curing {unknown}
 u - a potion of heal wounds {unknown}


   Skills:
 - Level 2.4 Fighting
 + Level 7.4 Short Blades
 - Level 5.0 Dodging
 - Level 10.0 Stealth
 + Level 1.1 Spellcasting
 + Level 1.1 Transmutations
 + Level 0.6 Earth Magic
 + Level 4.0 Invocations


You had 5 spell levels left.
You knew the following spells:

 Your Spells              Type           Power      Damage    Failure   Level
a - Petrify               Tmut/Erth      3%         N/A       88%         4

Your spell library contained the following spells:

 Spells                   Type           Power      Damage    Failure   Level
 Confusing Touch          Hex            0%         N/A       63%         3
 Gell's Gravitas          Tloc           0%         N/A       63%         3
 Yara's Violent Unravell  Hex/Tmut       1%         3d3       99%         5
 Metabolic Englaciation   Hex/Ice        0%         N/A       100%        5


Dungeon Overview and Level Annotations

Branches:
Dungeon (6/15)             Temple (1/1) D:4

Altars:
Ashenzari
Cheibriados
Dithmenos
Elyvilon
Gozag
Hepliaklqana
Kikubaaqudgha
Makhleb
Okawaru
Qazlal
Ru
Sif Muna
Vehumet
Wu Jian
Xom
Yredelemnul
The Shining One


Innate Abilities, Weirdness & Mutations

You are very small and have problems with some larger weapons.
You are too small for most types of armour.
You have supernaturally acute eyesight. (SInv)
You cover ground extremely quickly. (Speed+++)


Message History

The meliai zombie hits you.
There is a stone staircase leading up, spattered with blood here.
You hit the meliai zombie but do no damage.
The meliai zombie is severely damaged.
The meliai zombie hits you. The meliai zombie misses you.
You hit the meliai zombie but do no damage.
The meliai zombie is severely damaged.
The meliai zombie misses you. The meliai zombie hits you.
The meliai zombie misses you. The meliai zombie closely misses you.
You barely miss the meliai zombie.
The meliai zombie is severely damaged.
The meliai zombie completely misses you. x2
You hit the meliai zombie.
The meliai zombie is severely damaged.
The meliai zombie misses you. The meliai zombie hits you!
You puncture the meliai zombie!
The meliai zombie is almost destroyed.
The meliai zombie hits you but does no damage.
The meliai zombie closely misses you.
The meliai zombie completely misses you.
The meliai zombie misses you.
You closely miss the meliai zombie.
The meliai zombie is almost destroyed.
The meliai zombie hits you. x2
You are too injured to fight recklessly!
You are too injured to fight recklessly!
You are too injured to fight recklessly!
The meliai zombie barely misses you. The meliai zombie hits you!
* * * LOW HITPOINT WARNING * * *
The meliai zombie closely misses you. x2
You climb upwards.
There is a stone staircase leading down here.
You climb downwards.
The meliai zombie hits you but does no damage.
The meliai zombie hits you.
* * * LOW HITPOINT WARNING * * *
The meliai zombie misses you. x2
There is a stone staircase leading up, spattered with blood here.
The meliai zombie hits you!
You die...

#####.#...
#@Z.......
###......[
....(..
.......
...(...
##.#### .#
##


You could see a meliai zombie.

Vanquished Creatures
  Eustachio (D:5)
  A necrophage (D:5)
  2 black bears
  2 ogres (D:5)
  4 scorpions
  A howler monkey (D:4)
  An orc priest (D:3)
  A bullfrog skeleton (D:5)
  An iguana (D:5)
  An orc wizard (D:3)
  A hound skeleton (D:3)
  4 gnolls (D:5)
  6 adders
  A howler monkey skeleton (D:5)
  A shadow imp (D:5)
  A white imp (D:5)
  2 ufetubi
  A worm (D:3)
  3 dart slugs
  4 orcs
  11 ball pythons
  9 endoplasms
  5 giant cockroaches
  6 goblins
  7 hobgoblins
  6 kobolds
  2 quokkas
  3 bats
  7 frilled lizards
  3 rats
98 creatures vanquished.

Vanquished Creatures (others)
  An adder (D:3)
1 creature vanquished.

Grand Total: 99 creatures vanquished

Notes
Turn   | Place    | Note
-------+----------+-------------------------------------------
     0 | D:5      | deadmanwalking the Spriggan Delver began the quest for the
                  | Orb.
     0 | D:5      | Reached XP level 1. HP: 11/11 MP: 2/2
    51 | D:4      | Noticed a scorpion
    85 | D:4      | Reached XP level 2. HP: 16/16 MP: 3/3
   112 | D:4      | Found a white marble altar of Elyvilon.
   453 | D:4      | Noticed a scorpion
   458 | D:4      | Killed a scorpion
   459 | D:4      | Reached skill level 8 in Stealth
   459 | D:4      | Reached XP level 3. HP: 19/19 MP: 4/4
   459 | D:4      | Reached XP level 4. HP: 23/23 MP: 5/5
   493 | D:4      | Noticed a black bear
   715 | D:1      | Found a faded altar of an unknown god.
  2293 | D:3      | Reached XP level 5. HP: 19/27 MP: 6/6
  2926 | D:3      | Found an iron altar of Okawaru.
  2958 | D:3      | Reached skill level 5 in Dodging
  3245 | D:3      | Reached skill level 9 in Stealth
  3800 | D:4      | Reached XP level 6. HP: 32/32 MP: 7/7
  3979 | D:4      | Reached skill level 5 in Short Blades
  4116 | D:4      | Reached skill level 10 in Stealth
  4699 | D:4      | Found a staircase to the Ecumenical Temple.
  4708 | Temple   | Entered the Ecumenical Temple
  4807 | Temple   | Became a worshipper of Sif Muna the Loreminder
  5172 | D:5      | Reached XP level 7. HP: 35/35 MP: 8/8
  5292 | D:5      | Noticed Eustachio
  5295 | D:5      | Killed Eustachio
  5296 | D:5      | Reached skill level 1 in Invocations
  5777 | D:5      | Reached XP level 8. HP: 39/39 MP: 11/11
  5782 | D:5      | Learned a level 4 spell: Petrify
  6106 | D:5      | Reached skill level 1 in Transmutations
  6211 | D:5      | Reached skill level 1 in Spellcasting
  7004 | D:6      | Slain by a meliai zombie

Illustrated notes

Levels and vault maps discovered:
D:1:      matt_arrival_grand_opening, layout_basic, basic_ecumenical_altar,
          chequers_serial_rivers_micro_d
D:2:      layout_loops_ring
D:3:      layout_loops_ring, lemuel_tele_altar
D:4:      layout_loops_corners, elyvilon_altar_5,
          minmay_temple_entry_antechambers, grunt_decor_resistance
D:5:      layout_gridville, uniq_eustachio
D:6:      layout_basic, old_standard_altar
Temple:   regret_index_temple_waves

Skill      XL: |  1  2  3  4  5  6  7  8 |
---------------+-------------------------+-----
Dodging        | 3 4 5 |  5.0
Short Blades   | 3 4 5 7 |  7.4
Stealth        | 8 9 10 | 10.0
Invocations    | 3 4 |  4.0
Transmutations | 1 |  1.1
Spellcasting   | 1 |  1.1
Fighting       | |  2.4
Earth Magic    | |  0.6

Action                   |  1- 3 |  4- 6 |  7- 9 || total
-------------------------+-------+-------+-------++-------
Melee: Short sword       |    14 |   154 |       ||   168
       Rapier            |       |    96 |   114 ||   210
Throw: Stone             |       |     5 |    12 ||    17
       Dart              |       |       |     5 ||     5
  Use: Scroll            |     1 |     6 |       ||     7
       Potion            |       |     1 |       ||     1
 Stab: Sleeping          |     5 |    36 |     7 ||    48
       Distracted        |       |     3 |       ||     3
Armor: Robe              |       |    27 |     9 ||    36
Dodge: Dodged            |     8 |   180 |   118 ||   306

Table legend: (Time is in decaauts)
 A = Elapsed time spent in this place.
 B = Non-inter-level travel time spent in this place.
 C = Inter-level travel time spent in this place.
 D = Time resting spent in this place.
 E = Time spent auto-exploring this place.
 F = Levels seen in this place.
 G = Mean time per level.
                   A        B        C        D        E       F      G
               +--------+--------+--------+--------+--------+-----+--------+
         Total |   5301 |   5001 |    300 |    218 |   3757 |   7 |  757.3 |
       Dungeon |   5230 |   4937 |    293 |    218 |   3700 |   6 |  871.7 |
        Temple |     70 |     63 |      7 |      0 |     56 |   1 |   70.0 |
               +--------+--------+--------+--------+--------+-----+--------+

Top non-repeatable levels by time:
     D:4: 1638 daAuts
     D:5: 1519 daAuts
     D:3: 829 daAuts
     D:2: 668 daAuts
     D:1: 538 daAuts
  Temple: 70 daAuts
     D:6: 36 daAuts
